cohdb
Replays
Latest Replays
All Replays
Popular Replays
Top Player Replays
Match Explorer
How It Works
Community
CoH3 Stats
Reddit
Sign in to upload your games and track your stats! →
Sign in with Steam
Match 25043656
Unlisted
Match 25043656
Overview
Messages
Build Orders
End
Vickers Machine Gun Team
Construct Section Command Post
Infantry Section
Selects Air and Sea Battlegroup
Infantry Section
Construct Field Infirmary
Grenade Package
Selects Commando Section Paradrop
Commando Section Paradrop
Construct Platoon Command Post
Humber Armored Car
CMP 15cwt Truck
Selects M1 Pack Howitzer Paradrop
M1 Pack Howitzer Paradrop
CMP 15cwt Truck
M1 Pack Howitzer Paradrop
Unlock M3 Stuart Light Tanks
M3 Stuart Light Tank
Selects Supply Surplus
Selects Centaur Medium Tank
Centaur Medium Tank
LuigiGotShrooms
Einhander818
TidaL
ikersus25
soy_migueleitro
oaksanti13
0
0
Comments
sign in to comment!
No comments posted yet!